 Dungeon Crawl Stone Soup version 0.30-b1-2-g02819fbbbe (webtiles) character file.

Game seed: 14901421916500737787

19097 nightchill the Severer (level 12, -7/141 HPs)
             Began as a Hill Orc Fighter on Sept 29, 2023.
             Was a Priest of Jiyva.
             Mangled by a wolf spider (17 damage)
             ... on level 1 of the Lair of Beasts.
             The game lasted 00:24:52 (10234 turns).

nightchill the Severer (Hill Orc Fighter)          Turns: 10234, Time: 00:24:53

Health: -7/141     AC: 16    Str: 18    XL:     12   Next: 65%
Magic:  12/12      EV:  7    Int: 10    God:    Jiyva [***...]
Gold:   416        SH:  8    Dex: 18    Spells: 11/11 levels left

rFire   + . .        a - +0 war axe
rCold   + . .        c - +0 buckler
rNeg    . . .        E - +2 chain mail {rF+}
rPois   .            (no helmet)
rElec   .            R - +0 cloak
rCorr   +            A - +0 pair of gloves
SInv    .            F - +0 pair of boots
Will    .....        (no amulet)
Stlth   x              - +4 ring of protection
HPRegen 1.55/turn    (no ring)
MPRegen 0.48/turn

%: clarity
@: brilliant, lethally poisoned (-7 -> -19), hasted, very quick
A: fangs 2, agile 2, clarity, cold resistance 1, robust 2, shaggy fur 2,
pseudopods 3, jelly absorbing missiles
a: Renounce Religion, Oozemancy


You were on level 1 of the Lair of Beasts.
You worshipped Jiyva.
Jiyva was most pleased with you.
You visited 3 branches of the dungeon, and saw 13 of its levels.
You also visited: Ossuary.

You collected 416 gold pieces.

Inventory:

Hand Weapons
 a - a +0 war axe (weapon)
 w - a +0 war axe
 C - a +0 spear
 J - the +11 flail of the Apocalypse {heavy, rN+}
   (You found it on level 8 of the Dungeon)

   rN:        It protects you from negative energy.
Missiles
 H - 5 curare-tipped darts (quivered)
Armour
 c - a +0 buckler (worn)
 A - a +0 pair of gloves (worn)
 E - a +2 chain mail of fire resistance (worn)
 F - a +0 pair of boots (worn)
 K - a +0 plate armour
 R - a +0 cloak (worn)
Jewellery
 k - a ring of ice
 x - a +4 ring of protection (left hand)
 L - a +6 ring of dexterity
 Q - a ring of wizardry
Wands
 t - a wand of digging (1)
 G - a wand of quicksilver (10)
 M - a wand of flame (7)
Scrolls
 b - a scroll of torment {unknown}
 e - 5 scrolls of immolation {unknown}
 f - 2 scrolls of magic mapping {unknown}
 h - 4 scrolls of poison {unknown}
 j - 3 scrolls of amnesia {unknown}
 l - 6 scrolls of identify
 r - 8 scrolls of teleportation {unknown}
 v - a scroll of silence {unknown}
 y - 4 scrolls of fear {unknown}
 z - 3 scrolls of vulnerability {unknown}
 I - 2 scrolls of noise {unknown}
 P - a scroll of blinking {unknown}
 S - a scroll of fog {unknown}
Potions
 d - 2 potions of might
 g - 2 potions of mutation {unknown}
 i - 3 potions of attraction {unknown}
 m - 3 potions of haste
 n - 4 potions of curing
 o - 4 potions of flight
 p - 5 potions of brilliance
 q - 2 potions of lignification {unknown}
 s - a potion of magic {unknown}
 u - a potion of ambrosia {unknown}
 B - 2 potions of degeneration {unknown}
 D - a potion of cancellation {unknown}
 O - a potion of heal wounds {unknown}
 T - a potion of resistance {unknown}
Miscellaneous
 N - a box of beasts


   Skills:
 + Level 14.5 Fighting
 - Level 16.0 Axes
 - Level 3.2 Armour
 * Level 13.0 Shields


You had 11 spell levels left.
You didn't know any spells.
Your spell library contained the following spells:

 Spells                   Type           Power      Damage    Failure   Level
 Freeze                   Ice            0%         1d3       99%         1
 Sublimation of Blood     Necr           0%         N/A       99%         2
 Wereblood                Tmut           0%         N/A       99%         2
 Frozen Ramparts          Ice            0%         1d1       100%        3
 Hailstorm                Conj/Ice       0%         3d3       100%        3
 Vhi's Electric Charge    Tloc/Air       0%         N/A       100%        3
 Petrify                  Tmut/Erth      0%         N/A       100%        4
 Arcjolt                  Conj/Air       0%         1d10      100%        5
 Irradiate                Conj/Tmut      0%         3d11      100%        5
 Plasma Beam              Fire/Air       0%         2x1d11    100%        6
 Summon Hydra             Summ           0%         N/A       100%        7


Dungeon Overview and Level Annotations

Branches:
Dungeon (11/15)            Temple (1/1) D:7            Lair (1/5) D:9
    Orc (0/2) D:9         Ossuary (visited)

Altars:
Ashenzari
Cheibriados
Dithmenos
Elyvilon
Fedhas
Gozag
Hepliaklqana
Kikubaaqudgha
Makhleb
Nemelex Xobeh
Okawaru
Qazlal
Ru
Sif Muna
Trog
Uskayaw
Vehumet
Wu Jian
Xom
Yredelemnul
Zin
The Shining One
Jiyva

Shops:
D:6 **

Annotations:
D:4 1 runed translucent door, Syrassil's ghost, amateur TrBr
D:10 1 exclusion


Innate Abilities, Weirdness & Mutations

You have extremely sharp teeth.
You are very agile. (Dex +8, Str/Int -2)
You possess an exceptional clarity of mind.
Your flesh is cold resistant. (rC+)
You are very robust. (+20% HP)
You are covered in thick fur. (AC +2)
Armour fits poorly on your massive pseudopods.
You have a small jelly attached to you that may absorb projectiles.


Message History

You feel very sick.
The bullfrog gives a loud, deep croak!
The wolf spider attacks as you move away!
You block the wolf spider's attack. The wolf spider bites you.
* * * LOW HITPOINT WARNING * * *
You feel very sick. The adder bites you but does no damage.
The wolf spider hits you.
* * * LOW HITPOINT WARNING * * *
The wolf spider bites you but does no damage.
Activating: Oozemancy (16% risk of failure)
Press: ? - help, Dir - look around, f - activate You fail to use your ability.
You feel sick. The wolf spider hits you.
* * * LOW HITPOINT WARNING * * *
The wolf spider bites you but does no damage.
The adder bites you but does no damage.
It was a potion of brilliance.
You feel clever all of a sudden.
You feel sick. You block the wolf spider's attack.
The wolf spider barely misses you.
The adder bites you but does no damage. x2
You block the wolf spider's attack.
The wolf spider bites you but does no damage.
Okay, then.
As you read the scroll labelled ZEIPPE YBUAB, it crumbles to dust.
It is a scroll of identify.
n - 4 potions of curing You feel sick.
You block the adder's attack. The adder bites you but does no damage.
The wolf spider hits you!
* * * LOW HITPOINT WARNING * * *
The wolf spider bites you but does no damage.
You hear a distant slurping noise.
The adder barely misses you. You block the adder's attack.
It was a potion of haste.
You feel yourself speed up.
You feel sick. The wolf spider hits you.
* * * LOW HITPOINT WARNING * * *
The wolf spider bites you!
* * * LOW HITPOINT WARNING * * *
You are lethally poisoned!
The wolf spider poisons you!
The adder bites you but does no damage. x2
The wolf spider hits you!
You die...

............##...P...P....PP
.............PP..P....PPP.P..
.............................
.............††..............
..............†..............
.............................
.............................
...........#...##S..........#
...........#.>..@sF##.!....#.
...........#...?.S..##.#..#..
#...........####......J####..
#......+#.#######.......
#....#........# .#......⌠
.....#........# ..#......
#....#........#.. .#.⌠..
#....#.......... #....
#....#........#.


You could see a wolf spider, a bullfrog, 2 adders and a neutral slime creature
(wandering) (fellow slime).

Vanquished Creatures
  A centaur warrior (D:8)
  A boulder beetle (D:11)
  3 two-headed ogres
  A hell knight (D:10)
  An ugly thing (D:10)
  8 elephants
  A gargoyle (D:10)
  A cane toad (D:9)
  2 komodo dragons
  Maggie (D:6)
  4 blink frogs (Lair:1)
  Sigmund (D:2)
  35 yaks
  A wyvern (D:9)
  A wraith (D:9)
  A steam dragon (D:9)
  3 vampire mosquitoes (D:9)
  A basilisk (D:10)
  Menkaure (D:5)
  3 water moccasins
  An acid dragon (D:11)
  Duvessa (D:5)
  3 hell hounds (D:10)
  A black bear (D:5)
  A sky beast (D:7)
  5 orc warriors
  An ice beast (D:6)
  An ogre (D:5)
  6 centaurs
  2 phantoms
  Blork the orc (D:5)
  5 bullfrogs
  2 kobold brigands (D:9)
  2 scorpions
  13 wights
  Dowan (D:5)
  4 howler monkeys
  2 hounds
  A gnoll bouda (D:5)
  2 orc priests
  A sleepcap (D:4)
  Jessica (D:3)
  An iguana (D:5)
  Natasha (twice) (D:2)
  3 orc wizards
  7 mummies (Ossuary)
  Robin (D:3)
  5 gnolls (D:5)
  11 adders
  2 white imps (D:7)
  An ufetubus (D:5)
  A worm (D:2)
  3 dart slugs (D:2)
  20 orcs
  6 ball pythons
  7 bats
  5 endoplasms
  A giant cockroach (D:1)
  2 gnoll zombies (Ossuary)
  10 goblins
  10 hobgoblins
  3 jackals (D:5)
  3 quokkas
  5 frilled lizards
  2 hobgoblin zombies (Ossuary)
  18 kobolds
  4 orc zombies (Ossuary)
  6 rats
267 creatures vanquished.

Vanquished Creatures (others)
  A warg (D:9)
  A black bear (D:7)
  A centaur (D:8)
  A scorpion (D:5)
  A wight (D:8)
  14 jellies
  An orc priest (D:9)
  3 orc wizards
  A mummy (Ossuary)
  2 adders
  An ufetubus (D:7)
  A worm (D:3)
  2 dart slugs
  9 orcs
  5 goblins (D:3)
  4 hobgoblins
  2 kobolds
  3 ball pythons
  A bat (D:3)
  A rat (D:3)
  24 fungi
  31 plants
110 creatures vanquished.

Grand Total: 377 creatures vanquished

Notes
Turn   | Place    | Note
-------+----------+-------------------------------------------
     0 | D:1      | nightchill the Hill Orc Fighter began the quest for the
                  | Orb.
     0 | D:1      | Reached XP level 1. HP: 19/19 MP: 1/1
   108 | D:1      | Reached skill level 3 in Axes
   142 | D:1      | Reached XP level 2. HP: 25/27 MP: 2/2
   355 | D:1      | Reached skill level 4 in Axes
   364 | D:1      | Reached XP level 3. HP: 19/33 MP: 3/3
  1226 | D:2      | Reached XP level 4. HP: 41/41 MP: 4/4
  1236 | D:2      | Noticed Sigmund
  1243 | D:2      | Killed Sigmund
  1244 | D:2      | Reached skill level 5 in Fighting
  1244 | D:2      | Reached skill level 6 in Axes
  1244 | D:2      | Reached XP level 5. HP: 48/48 MP: 5/5
  1288 | D:2      | Reached XP level 6. HP: 56/56 MP: 6/6
  1374 | D:2      | Found a faded altar of an unknown god.
  1440 | D:2      | Prayed at the altar of an unknown god.
  1440 | D:2      | Became a worshipper of Jiyva Jurub the Shapeless
  1440 | D:2      | Reached * piety under Jiyva
  1510 | D:2      | Noticed Natasha
  1517 | D:2      | Killed Natasha
  1559 | D:2      | Reached skill level 7 in Axes
  1747 | D:2      | Noticed Natasha
  1756 | D:2      | Killed Natasha
  1893 | D:3      | Noticed Jessica
  1901 | D:3      | Killed Jessica
  1927 | D:3      | Reached ** piety under Jiyva
  1956 | D:3      | Noticed Robin
  1977 | D:3      | Killed Robin
  2325 | D:3      | Found a shadowy altar of Dithmenos.
  2326 | D:3      | Found an iron altar of Okawaru.
  2578 | D:3      | Found a sparkling altar of Nemelex Xobeh.
  2623 | D:3      | Reached *** piety under Jiyva
  2623 | D:3      | Gained mutation: You are agile. (Dex +4, Str/Int -1)
                  | [Jiyva's grace]
  2623 | D:3      | Gained mutation: You are very agile. (Dex +8, Str/Int -2)
                  | [Jiyva's grace]
  2623 | D:3      | Gained mutation: Your mind is acute. (Int +4, Str/Dex -1)
                  | [Jiyva's grace]
  2623 | D:3      | Gained mutation: Your mind is very acute. (Int +8, Str/Dex
                  | -2) [Jiyva's grace]
  3048 | D:4      | Found a glowing silver altar of Zin.
  3066 | D:4      | Reached **** piety under Jiyva
  3089 | D:4      | Found a runed translucent door.
  3090 | D:4      | Noticed Syrassil's ghost (amateur TrBr)
  3338 | D:5      | Entered Level 5 of the Dungeon
  3444 | D:5      | Reached skill level 8 in Axes
  3444 | D:5      | Reached XP level 7. HP: 63/63 MP: 7/7
  3607 | D:5      | Reached skill level 9 in Axes
  3806 | D:5      | Noticed Dowan
  3806 | D:5      | Noticed Duvessa
  3812 | D:5      | Killed Duvessa
  3813 | D:5      | Reached XP level 8. HP: 73/73 MP: 5/8
  3813 | D:5      | Killed Dowan
  3814 | D:5      | Reached skill level 10 in Axes
  3823 | D:5      | Noticed Menkaure
  3836 | D:5      | Killed Menkaure
  3869 | D:5      | Lost mutation: Your mind is very acute. (Int +8, Str/Dex
                  | -2) [Jiyva's grace]
  3869 | D:5      | Gained mutation: You have very sharp teeth. [Jiyva's grace]
  3869 | D:5      | Gained mutation: You have extremely sharp teeth. [Jiyva's
                  | grace]
  3869 | D:5      | Gained mutation: You have razor-sharp teeth. [Jiyva's
                  | grace]
  3869 | D:5      | Gained mutation: You have acidic saliva. [Jiyva's grace]
  3927 | D:5      | Reached skill level 11 in Axes
  3990 | D:5      | Noticed Blork the orc
  4009 | D:5      | Killed Blork the orc
  4230 | D:6      | You fall into a shaft and drop 1 floor!
  4263 | D:6      | Found Faedd's General Store.
  4273 | D:6      | Noticed Maggie
  4284 | D:6      | Killed Maggie
  4285 | D:6      | Reached skill level 12 in Axes
  4285 | D:6      | Reached XP level 9. HP: 82/82 MP: 9/9
  4317 | D:6      | Found a sand-covered staircase.
  4321 | Ossuary  | Entered an ossuary
  4497 | D:6      | Found a stormy altar of Qazlal.
  4593 | D:6      | Reached skill level 13 in Axes
  4716 | D:6      | Found Launk's Lightly-Used Armoury.
  4931 | D:6      | Found a broken altar of Ashenzari.
  5005 | D:7      | Found a staircase to the Ecumenical Temple.
  5220 | D:7      | Reached ***** piety under Jiyva
  5291 | D:7      | Lost mutation: Your mind is acute. (Int +4, Str/Dex -1)
                  | [Jiyva's grace]
  5291 | D:7      | Lost mutation: You have acidic saliva. [Jiyva's grace]
  5291 | D:7      | Gained mutation: You are covered in slimy tendrils that may
                  | disarm your opponents. [Jiyva's grace]
  5291 | D:7      | Gained mutation: Armour fits poorly on your pseudopods.
                  | [Jiyva's grace]
  5291 | D:7      | Gained mutation: Armour fits poorly on your large
                  | pseudopods. [Jiyva's grace]
  5291 | D:7      | Gained mutation: Armour fits poorly on your massive
                  | pseudopods. [Jiyva's grace]
  5655 | Temple   | Entered the Ecumenical Temple
  5896 | D:8      | Reached skill level 14 in Axes
  5897 | D:8      | Reached skill level 10 in Fighting
  5898 | D:8      | Reached XP level 10. HP: 93/93 MP: 7/10
  6001 | D:8      | Reached skill level 15 in Axes
  6093 | D:8      | Noticed a centaur warrior
  6107 | D:8      | Killed a centaur warrior
  6110 | D:8      | Identified the +11 flail of the Apocalypse {heavy, rN+}
  6483 | D:9      | Noticed a two-headed ogre
  6487 | D:9      | Slimified a two-headed ogre
  6487 | D:9      | a two-headed ogre changed into a slime creature
  6521 | D:9      | Found a staircase to the Orcish Mines.
  6586 | D:9      | Reached skill level 16 in Axes
  6778 | D:9      | Reached skill level 5 in Shields
  6788 | D:9      | Reached XP level 11. HP: 95/104 MP: 11/11
  6809 | D:9      | Found a staircase to the Lair.
  7098 | D:9      | Lost mutation: You have razor-sharp teeth. [Jiyva's grace]
  7098 | D:9      | Lost mutation: You are covered in slimy tendrils that may
                  | disarm your opponents. [Jiyva's grace]
  7098 | D:9      | Gained mutation: You are robust. (+10% HP) [Jiyva's grace]
  7098 | D:9      | Gained mutation: You are very robust. (+20% HP) [Jiyva's
                  | grace]
  7098 | D:9      | Gained mutation: You are extremely robust. (+30% HP)
                  | [Jiyva's grace]
  7098 | D:9      | Gained mutation: Your flesh is cold resistant. (rC+)
                  | [Jiyva's grace]
  7327 | D:9      | Found a glowing golden altar of the Shining One.
  7719 | D:10     | Entered Level 10 of the Dungeon
  8257 | D:10     | Noticed a two-headed ogre
  8261 | D:10     | Slimified a two-headed ogre
  8261 | D:10     | a two-headed ogre changed into an acid blob
  8261 | D:10     | Noticed an acid blob
  8419 | D:10     | Noticed a hell knight
  8419 | D:10     | Noticed a hell knight
  8420 | D:10     | Noticed a hell knight
  8422 | D:10     | Noticed a hell knight
  8424 | D:10     | Noticed a hell knight
  8427 | D:10     | Killed a hell knight
  8437 | D:10     | Noticed a necromancer
  8440 | D:10     | Noticed a necromancer
  8562 | D:11     | Noticed a purple ugly thing
  8575 | D:10     | Killed a purple ugly thing
  8576 | D:10     | Reached skill level 10 in Shields
  8608 | D:11     | Noticed a six-headed hydra
  8616 | D:11     | Slimified a nine-headed hydra
  8616 | D:11     | a nine-headed hydra changed into an azure jelly
  8616 | D:11     | Noticed an azure jelly
  8656 | D:11     | Noticed a two-headed ogre
  8667 | D:11     | Killed a two-headed ogre
  8723 | D:11     | Noticed a boulder beetle
  8723 | D:11     | Noticed a two-headed ogre
  8727 | D:11     | Noticed a two-headed ogre
  8771 | D:10     | Killed a two-headed ogre
  8776 | D:10     | Killed a two-headed ogre
  8777 | D:10     | Reached XP level 12. HP: 52/149 MP: 12/12
  8986 | D:11     | Killed a boulder beetle
  9634 | D:11     | Lost mutation: You are extremely robust. (+30% HP) [Jiyva's
                  | grace]
  9634 | D:11     | Gained mutation: You have a small jelly attached to you
                  | that may absorb projectiles. [Jiyva's grace]
  9634 | D:11     | Gained mutation: You possess an exceptional clarity of
                  | mind. [Jiyva's grace]
  9634 | D:11     | Gained mutation: You are covered in fur. (AC +1) [Jiyva's
                  | grace]
  9634 | D:11     | Gained mutation: You are covered in thick fur. (AC +2)
                  | [Jiyva's grace]
  9845 | Lair:1   | Entered Level 1 of the Lair of Beasts
 10217 | Lair:1   | Paralysed by a hornet for 2 turns
 10234 | Lair:1   | Mangled by a wolf spider

Illustrated notes

Levels and vault maps discovered:
D:1:      dpeg_arrival_rooms_a, layout_basic, minmay_bisected
D:2:      layout_loops_cross, shapermc_ecumenical_altar_petra,
          uniq_crazy_yiuf_cottage, uniq_sigmund, uniq_natasha
D:3:      layout_basic, nicolae_overflow_hidden_temple,
          nicolae_overflow_squiral, serial_corexii_hall,
          chequers_hall_statues_corner_a, chequers_hall_statues_y,
          corexii_hall_statues_i, corexii_hall_statues_i, uniq_robin,
          uniq_jessica
D:4:      layout_gridville, zin_statuary, ebering_ghost_sewer_d,
          minmay_misc_feat_diagonals
D:5:      layout_basic, uniq_menkaure, uniq_duvessa, uniq_blork_the_orc
D:6:      layout_cave_pools, nicolae_qazlal_scattered_showers,
          lemuel_coloured_pillars_altar, enter_ossuary_5, serial_shops,
          nicolae_shop_stone, chequers_serial_rivers_room_a,
          minmay_shop_damaged, uniq_maggie
D:7:      layout_cave_pods, temple_statues
D:8:      layout_loops_ring, minmay_radiant
D:9:      layout_loops_ring, general_overflow_altar,
          grunt_lair_entry_orc_guard_hut, david_orc_3, serial_co_window_serial,
          co_window_paths_a, co_window_corner_a, co_window_paths_b,
          co_window_corner_a, co_window_corner_a, co_window_corner_b,
          co_window_2corner, co_window_broadway_b, co_window_broadway_b,
          glass_columns_c, glass_columns_c, glass_columns_a, glass_columns_a,
          glass_columns_a
D:10:     layout_basic, minmay_rotating_lava
D:11:     layout_roguey, serial_co_window_serial, co_window_corner_a,
          co_window_corner_a, co_window_paths_a, co_window_of_opportunity_a,
          co_window_paths_b, co_window_paths_a, co_window_broadway_c,
          co_window_broadway_c, co_window_2corner, co_window_2corner,
          co_window_corner_b, co_window_corner_ca, glass_columns_a,
          glass_columns_a, glass_columns_a, glass_columns_a
Temple:   nicolae_temple_superstar
Lair:1:   minmay_lair_venomous_thicket, layout_regular_city,
          nicolae_lair_grazing_beasts [nicolae_sub_lair_graze_edge,
          nicolae_sub_lair_graze_edge, nicolae_sub_lair_graze_edge,
          nicolae_sub_lair_graze_edge], grunt_megastairs_4

Skill      XL: |  1  2  3  4  5  6  7  8  9 10 11 12 |
---------------+-------------------------------------+-----
Axes           | 3 4 6 8 9 12 14 16 | 16.0
Fighting       | 4 5 6 7 8 10 11 13 14 | 14.5
Shields        | 6 11 13 | 13.0
Armour         | |  3.2

Action                     |  1- 3 |  4- 6 |  7- 9 | 10-12 || total
---------------------------+-------+-------+-------+-------++-------
  Melee: War axe           |   105 |   140 |   193 |   464 ||   902
         Bite              |       |       |    19 |    82 ||   101
         Pseudopods        |       |       |     5 |   129 ||   134
 Invoke: Oozemancy         |       |       |     6 |     6 ||    12
         Slimify           |       |       |       |     4 ||     4
    Use: Potion            |       |     1 |       |     4 ||     5
         Scroll            |       |       |       |     1 ||     1
 Armour: Scale mail        |    45 |    39 |       |       ||    84
         Chain mail        |       |    12 |    91 |   237 ||   340
  Dodge: Dodged            |    56 |    47 |    44 |   136 ||   283
  Block: Buckler           |    19 |    26 |    35 |   143 ||   223
